 Dungeon Crawl Stone Soup version 0.27.1-2-g3b301248ec (webtiles) character file.

Game seed: 2847831776224257291

1591 nxtlvl the Firebug (level 9, -2/57 HPs)
             Began as a Formicid Fire Elementalist on Sept 23, 2021.
             Slain by a centaur warrior (8 damage)
             ... on level 7 of the Dungeon.
             The game lasted 00:40:36 (2543 turns).

nxtlvl the Firebug (Formicid Fire Elementalist)     Turns: 2543, Time: 00:40:37

Health: -2/57      AC:  6    Str: 12    XL:     9   Next: 15%
Magic:  14/14      EV: 14    Int: 19    God:
Gold:   240        SH:  0    Dex: 11    Spells: 10/15 levels left

rFire    . . .     SeeInvis +   b - +0 great mace
rCold    . . .     Faith    .   (no shield)
rNeg     . . .     Spirit   .   c - +0 ring mail
rPois    .         Reflect  .   (helmet unavailable)
rElec    .         Harm     .   (no cloak)
rCorr    +         Rampage  .   (no gloves)
Will     .....                  d - +0 pair of boots
Stlth    +.........             (no amulet)
HPRegen  0.19/turn              i - ring of resist corrosion
MPRegen  0.14/turn              k - +4 ring of evasion

@: no status effects
A: permanent stasis, dig shafts and tunnels, antennae 3, four strong arms
a: Dig, Shaft Self


You were on level 7 of the Dungeon.
You visited 1 branch of the dungeon, and saw 7 of its levels.
You also visited: Sewer.

You collected 240 gold pieces.

Inventory:

Hand Weapons
 a - a +3 dagger
 b - a +0 great mace (weapon)
 n - the +5 long sword of Wyrd {freeze, *Noise rPois Str+8 Dex-3}
   (You found it on level 5 of the Dungeon)

   It freezes those it strikes, dealing additional cold damage.
   It can also slow down cold-blooded creatures.
   Str:       It affects your strength (+8).
   Dex:       It affects your dexterity (-3).
   rPois:     It protects you from poison.
   *Noise:    It may make noises in combat.
 A - a +0 quarterstaff
Missiles
 g - a throwing net
 s - 6 poisoned darts (quivered)
Armour
 c - a +0 ring mail (worn)
 d - a +0 pair of boots (worn)
Jewellery
 i - a ring of resist corrosion (left hand)
 k - a +4 ring of evasion (right hand)
Wands
 r - a wand of iceblast (4)
Scrolls
 e - 2 scrolls of teleportation {unknown}
 f - a scroll of amnesia {unknown}
 h - 2 scrolls of fog {unknown}
 m - a scroll of enchant armour {unknown}
 t - a scroll of silence {unknown}
 u - a scroll of identify
Potions
 j - 2 potions of flight
 l - a potion of resistance
 o - a potion of attraction
 p - a potion of heal wounds
 q - 5 potions of curing
 v - 2 potions of might


   Skills:
 + Level 0.1 Maces & Flails
 - Level 1.7 Dodging
 - Level 2.4 Stealth
 + Level 3.9 Spellcasting
 * Level 6.7 Conjurations
 * Level 7.9 Fire Magic


You had 10 spell levels left.
You knew the following spells:

 Your Spells              Type           Power      Damage    Failure   Level
x - Sticky Flame          Conj/Fire      31%        2d5       16%         4
z - Foxfire               Conj/Fire      100%       2x1d9     1%          1

Your spell library contained the following spells:

 Spells                   Type           Power      Damage    Failure   Level
 Conjure Flame            Conj/Fire      31%        6-21      4%          3
 Inner Flame              Hex/Fire       18%        N/A       19%         3
 Summon Small Mammal      Summ           12%        N/A       32%         1
 Fireball                 Conj/Fire      15%        3d8       38%         5
 Call Canine Familiar     Summ           3%         N/A       67%         3
 Summon Guardian Golem    Hex/Summ       3%         N/A       67%         3


Dungeon Overview and Level Annotations

Branches:
Dungeon (7/15)              Sewer (visited)
 Temple: D:4-7

Altars:

Annotations:
D:6 Eustachio


Innate Abilities, Weirdness & Mutations

You cannot be hasted, slowed, berserked, paralysed or teleported.
You can dig through walls and to a lower floor.
You have a pair of large antennae on your head. (SInv)
Your four strong arms can wield two-handed weapons with a shield.


Message History

Casting: Foxfire (safe; 1% risk of failure)
Confirm with . or Enter, or press ? or * to list all spells.
You conjure some foxfire!
The iguana closely misses you.
The foxfire hits the iguana but does no damage.
The iguana is severely wounded.
The foxfire hits the iguana.
The iguana is almost dead.
Casting: Foxfire (safe; 1% risk of failure)
Confirm with . or Enter, or press ? or * to list all spells.
You conjure some foxfire!
The iguana barely misses you.
The foxfire hits the iguana but does no damage.
The iguana is almost dead.
The foxfire hits the iguana!
You kill the iguana!
A hound comes into view.
The hound barks!
You hear a shout! x2; You hear an angry hiss.
A centaur warrior comes into view. x2
An efreet comes into view.
It is wielding a +4 scimitar of flaming.
There is an open door here.
The hound bites you but does no damage. The hound bites you but does no damage.
The hound misses you. The hound bites you but does no damage.
The centaur warrior wields a +0 shortbow.
The centaur warrior shoots an arrow.
The arrow hits you!!
The centaur warrior shoots an arrow.
The arrow closely misses you. The hound bites you.
The hound closely misses you. The hound bites you but does no damage.
Something hits the bush!
Something burns the bush!
The hound closely misses you. The hound closely misses you.
Are you sure you want to shaft yourself?
The centaur warrior wields a +0 longbow.
The centaur warrior shoots an arrow.
The arrow hits you!!
* * * LOW HITPOINT WARNING * * *
You begin to dig a shaft.
You continue digging a shaft.
The centaur warrior unwields a +0 longbow.
The centaur warrior hits you!
You die...

#.##...# #P...#....{.
#.##...# #{c.P#....^c
#.##...###P...#.R....
##........c...P#☼
##..##h#####'####
##.#.##.# #....#
##.##.##c# #....#
##.###.##c# #....#
##.## #.##@#####....#
##.##
#.##.....#....######
##.##
#.######.#....'....#
#.## #....#
#.#....#..⌠.# ##.##
####.# #.#....#.⌠..#
##.## #.#
#.#....#....# ##.##
#.# #.#########'#
##.## #.# #.# #....#
##.## #.# #.# #....#


You could see 2 centaur warriors and a hound.

Vanquished Creatures
  Prince Ribbit (D:5)
  An ice beast (D:5)
  A necrophage (D:5)
  3 sky beasts
  3 ogres
  A kobold brigand (Sewer)
  A bullfrog (D:6)
  A scorpion (D:5)
  A bullfrog zombie (D:5)
  A jelly (D:4)
  3 hounds
  3 iguanas
  A howler monkey skeleton (D:7)
  4 gnolls (D:4)
  9 adders
  5 river rats
  2 ufetubi (D:4)
  2 worms
  A dart slug (D:5)
  9 orcs
  6 bats
  4 endoplasms
  3 giant cockroaches
  7 goblins
  4 hobgoblins
  6 jackals
  8 kobolds
  A quokka (D:1)
  5 ball pythons
  2 frilled lizards
  4 rats
103 creatures vanquished.

Vanquished Creatures (others)
  328 foxfires
328 creatures vanquished.

Grand Total: 431 creatures vanquished

Notes
Turn   | Place    | Note
-------+----------+-------------------------------------------
     0 | D:1      | nxtlvl the Formicid Fire Elementalist began the quest for
                  | the Orb.
     0 | D:1      | Reached XP level 1. HP: 13/13 MP: 3/3
    33 | D:1      | Reached skill level 1 in Conjurations
   118 | D:1      | Reached XP level 2. HP: 19/19 MP: 1/5
   419 | D:2      | Reached XP level 3. HP: 24/24 MP: 2/6
   790 | D:3      | Reached XP level 4. HP: 30/30 MP: 3/7
   860 | D:3      | Reached skill level 4 in Fire Magic
   875 | D:3      | Found a glowing drain.
   983 | D:3      | Found a faded altar of an unknown god.
  1011 | Sewer    | Entered a sewer
  1039 | Sewer    | Reached XP level 5. HP: 14/35 MP: 8/8
  1058 | Sewer    | Learned a level 4 spell: Sticky Flame
  1096 | Sewer    | Noticed a kobold brigand
  1102 | Sewer    | Killed a kobold brigand
  1103 | Sewer    | Reached XP level 6. HP: 20/41 MP: 0/9
  1127 | Sewer    | Found a glowing silver altar of Zin.
  1406 | D:3      | Reached skill level 5 in Fire Magic
  1690 | D:5      | Entered Level 5 of the Dungeon
  1704 | D:5      | Reached XP level 7. HP: 42/46 MP: 6/11
  1917 | D:5      | Identified the +5 long sword of Wyrd {freeze, *Noise rPois
                  | Str+8 Dex-3}
  1934 | D:5      | Reached skill level 6 in Fire Magic
  1978 | D:5      | Noticed Prince Ribbit
  1985 | D:5      | Killed Prince Ribbit
  1986 | D:5      | Reached skill level 5 in Conjurations
  1986 | D:5      | Reached XP level 8. HP: 52/52 MP: 6/12
  2072 | D:5      | Reached skill level 7 in Fire Magic
  2181 | D:6      | Noticed Eustachio
  2305 | D:6      | Reached XP level 9. HP: 57/57 MP: 7/14
  2523 | D:7      | Noticed a centaur warrior
  2523 | D:7      | Noticed a centaur warrior
  2523 | D:7      | Noticed an efreet
  2543 | D:7      | Slain by a centaur warrior

Illustrated notes

Levels and vault maps discovered:
D:1:      zelgadis_glass_arrival_small, layout_rooms
D:2:      layout_loops_cross, amcnicky_mini_corridor_feature, minmay_quantized
D:3:      layout_loops_ring, portal_sewer_entry_a,
          shapermc_ecumenical_altar_mp_vishouse
D:4:      layout_loops_cross, minmay_between
D:5:      layout_cave_pools, hangedman_decor_riveting, minmay_misc_feat_pillars,
          uniq_prince_ribbit1
D:6:      layout_rooms, serial_rivers, chequers_serial_rivers_micro_c,
          chequers_serial_rivers_small_b, chequers_serial_rivers_room_b,
          chequers_serial_rivers_large_a, chequers_serial_rivers_room_b,
          nicolae_sextant, uniq_crazy_yiuf_cottage, uniq_eustachio
D:7:      minmay_klotski, layout_basic, trog_book,
          gammafunk_temple_overflow_pools, minmay_temple_entry_tees, uniq_pikel

Skill      XL: |  1  2  3  4  5  6  7  8 |
---------------+-------------------------+-----
Conjurations   | 1 2 3 4 5 6 |  6.7
Fire Magic     | 4 5 6 7 |  7.9
Spellcasting   | 3 |  3.9
Maces & Flails | |  0.1
Dodging        | |  1.7
Stealth        | |  2.4

Action                   |  1- 3 |  4- 6 |  7- 9 || total
-------------------------+-------+-------+-------++-------
Melee: Dagger            |    25 |    40 |       ||    65
       Quarterstaff      |       |     5 |    12 ||    17
       Great mace        |       |       |     1 ||     1
Throw: Dart              |       |       |     1 ||     1
 Cast: Foxfire           |    49 |    60 |    88 ||   197
 Abil: Dig               |    14 |    17 |     9 ||    40
       Shaft Self        |       |       |     1 ||     1
Evoke: Wand              |       |     1 |     2 ||     3
  Use: Potion            |       |     2 |       ||     2
       Scroll            |       |     3 |     1 ||     4
Armor: Robe              |     6 |       |       ||     6
       Leather armour    |    19 |    16 |       ||    35
       Ring mail         |       |       |    20 ||    20
Dodge: Dodged            |    43 |    44 |    20 ||   107
